 Dungeon Crawl Stone Soup version 0.22-a0-352-gc608dd7 (webtiles) character file.

3565 GameOver the Destroyer (level 10, -7/75 HPs)
             Began as a Naga Fire Elementalist on Apr 14, 2018.
             Was an Elder of Cheibriados.
             Killed from afar by a gargoyle (16 damage)
             ... with a stone arrow
             ... on level 11 of the Dungeon.
             The game lasted 00:36:33 (5210 turns).

GameOver the Destroyer (Naga Fire Elementalist)     Turns: 5210, Time: 00:36:34

Health: -7/75      AC:  6    Str: 20    XL:     10   Next: 9%
Magic:  7/16       EV: 13    Int: 27    God:    Cheibriados [****..]
Gold:   335        SH:  6    Dex: 24    Spells: 5/18 levels left

rFire    . . .     SeeInvis +   t - +6 short sword "Kech" {venom, Dex+3}
rCold    . . .     Gourm    .   p - +0 buckler
rNeg     . . .     Faith    .   a - +0 robe
rPois    +         Spirit   .   (no helmet)
rElec    .         Reflect  .   (no cloak)
rCorr    .         Harm     .   l - +1 pair of gloves (curse)
MR       +....                  (no barding)
Stlth    +++.......             (no amulet)
HPRegen  0.22/turn              k - +3 ring of evasion
MPRegen  0.15/turn              (no ring)

@: very slow
A: large, see invisible, deformed body, poison resistance, slowness 2, slow
metabolism 1, spit poison 1, AC +3
a: Spit Poison, Bend Time, Temporal Distortion, Slouch, Renounce Religion


You were on level 11 of the Dungeon.
You worshipped Cheibriados.
Cheibriados was greatly pleased with you.
You were not hungry.

You visited 1 branch of the dungeon, and saw 10 of its levels.

You collected 335 gold pieces.

Inventory:

Hand Weapons
 b - a +1 dagger of venom
 e - a +0 hand axe
 m - a +0 broad axe
 t - the +6 short sword "Kech" (weapon) {venom, Dex+3}
   (You found it on level 5 of the Dungeon)

   It poisons the flesh of those it strikes.
   It affects your dexterity (+3).
Missiles
 g - 16 bolts
Armour
 a - a +0 robe (worn)
 l - a cursed +1 pair of gloves (worn)
 p - a +0 buckler (worn)
Jewellery
 k - a +3 ring of evasion (left hand)
Wands
 d - a wand of clouds (4)
 r - a wand of polymorph (9)
Scrolls
 h - 4 scrolls of amnesia
 i - 2 scrolls of remove curse
 n - a scroll of teleportation
 o - a scroll of blinking {unknown}
 q - a scroll of fear {unknown}
 u - a scroll of brand weapon
 w - a scroll of fog {unknown}
Potions
 f - 4 potions of curing
 j - a potion of resistance
 s - a potion of flight
 v - 2 potions of heal wounds
 x - a potion of agility
 z - a potion of ambrosia
Comestibles
 c - 13 rations


   Skills:
 - Level 1.5 Dodging
 - Level 5.0 Stealth
 - Level 3.0 Shields
 + Level 4.6 Spellcasting
 + Level 9.0 Conjurations
 - Level 4.3 Translocations
 + Level 8.0 Fire Magic


You had 5 spell levels left.
You knew the following spells:

 Your Spells              Type           Power        Failure   Level  Hunger
a - Flame Tongue          Conj/Fire      #####        1%          1    None
b - Blink                 Tloc           N/A          1%          2    None
d - Fireball              Conj/Fire      ######....   6%          5    #####..
p - Apportation           Tloc           ####..       1%          1    None
s - Sticky Flame          Conj/Fire      ######..     2%          4    ####...


Dungeon Overview and Level Annotations

Branches:
Dungeon (9/15)             Temple (0/1) D:4
   Lair: D:8-11         Orc: D:9-12

Altars:
Ashenzari
Cheibriados
Elyvilon
Fedhas
Hepliaklqana
Kikubaaqudgha
Nemelex Xobeh
Ru
Sif Muna
Trog
Vehumet
Xom
The Shining One

Annotations:
D:3 CasualChangeling's ghost, amateur DrFE
D:4 exclusion: statue
D:8 Gastronok


Innate Abilities, Weirdness & Mutations

You cannot wear boots.
Your serpentine skin is tough. (AC +3)
You have supernaturally acute eyesight. (SInv)
Armour fits poorly on your strangely shaped body.
Your system is resistant to poisons. (rPois)
You cover ground very slowly.
You have a slow metabolism.
You can spit poison.


Message History

There is an escape hatch in the ceiling here.
You see here a scroll labeled TISTRE EMPUEST.
w - a scroll labeled TISTRE EMPUEST The gargoyle misses you.
There is an escape hatch in the ceiling here.
Casting: Sticky Flame (safe; 2% risk of failure)
Confirm with . or Enter, or press ? or * to list all spells.
Aiming: Sticky Flame (safe; 2% risk of failure)
Press: ? - help, Shift-Dir - straight line, f - gargoyle
Aim: a gargoyle, wielding a mace The sticky flame hits the gargoyle.
The gargoyle appears unharmed.
The gargoyle is covered in liquid flames!
The shadow imp shouts, "Crawl home, thou bawdy hedge-born flax-wench!"
The gargoyle burns!
The gargoyle hits you with a mace!!
* * * LOW HITPOINT WARNING * * *
Unknown command.
The gargoyle burns!
The gargoyle hurls a stone arrow at you.
The stone arrow hits you!
You die...

#. #.#...#.......
..
#.##...........#
..
#....#....##..##
.. #.#..##..#..#
... .. ..
##.....#..# # #
##†##..##.. #
###.#........
#.#.#.........#...
#.....@.#...#.# .#
#.#....9##.##...
#.#.#...... ..
...#......... #..
............
#####.#.###5.##.
###.# ..# #.# .#


You could see a gargoyle (burning) and a shadow imp.

Vanquished Creatures
  An unseen horror (D:11)
  An ugly thing (D:11)
  2 hippogriffs
  A hungry ghost (D:7)
  A soldier ant (D:11)
  An orc warrior (D:6)
  3 black bears
  An ice beast (D:5)
  A phantom (D:4)
  3 centaurs
  3 ogres
  A big kobold (D:6)
  2 bullfrogs
  A gnoll sergeant (D:7)
  2 wights (D:11)
  A crimson imp (D:5)
  2 bullfrog zombies
  2 hounds
  A jelly (D:5)
  3 orc wizards
  A bullfrog skeleton (D:9)
  Jessica (D:2)
  An iguana (D:6)
  5 worker ants
  A worker ant zombie (D:5)
  A howler monkey zombie (D:5)
  A gnoll (D:7)
  A howler monkey skeleton (D:7)
  7 adders
  2 oozes
  A worm (D:3)
  3 dart slugs
  7 leopard geckos
  7 orcs
  2 ball pythons
  11 bats
  5 giant cockroaches
  4 goblins
  7 hobgoblins
  4 jackals
  6 quokkas
  6 frilled lizards
  6 kobolds
  A quokka skeleton (D:4)
  8 rats
132 creatures vanquished.

Vanquished Creatures (others)
  A hobgoblin (D:3)
1 creature vanquished.

Grand Total: 133 creatures vanquished

Notes
Turn   | Place    | Note
-------+----------+-------------------------------------------
     0 | D:1      | GameOver the Naga Fire Elementalist began the quest for the Orb.
     0 | D:1      | Reached XP level 1. HP: 15/15 MP: 3/3
    60 | D:1      | Reached XP level 2. HP: 22/22 MP: 1/5
   233 | D:1      | Reached skill level 2 in Conjurations
   392 | D:1      | Reached XP level 3. HP: 28/28 MP: 4/6
   638 | D:2      | Found a deep blue altar of Sif Muna.
   726 | D:2      | Noticed Jessica
   732 | D:2      | Killed Jessica
   732 | D:2      | Reached skill level 3 in Conjurations
   732 | D:2      | Reached XP level 4. HP: 34/36 MP: 3/7
   738 | D:2      | Learned a level 4 spell: Sticky Flame
   864 | D:2      | Found a bloodstained altar of Trog.
   864 | D:2      | Found a snail-covered altar of Cheibriados.
   883 | D:2      | Became a worshipper of Cheibriados the Contemplative
  1062 | D:3      | Found a white marble altar of Elyvilon.
  1063 | D:3      | Noticed CasualChangeling's ghost (amateur DrFE)
  1224 | D:4      | Reached XP level 5. HP: 39/42 MP: 8/8
  1262 | D:4      | Reached skill level 5 in Stealth
  1316 | D:4      | Noticed an ogre
  1324 | D:4      | Killed an ogre
  1324 | D:4      | Reached skill level 4 in Conjurations
  1324 | D:4      | Reached XP level 6. HP: 49/49 MP: 6/9
  1330 | D:4      | Noticed a phantom
  1365 | D:4      | Killed a phantom
  1378 | D:4      | Found a staircase to the Ecumenical Temple.
  1467 | D:4      | Found a radiant altar of Vehumet.
  1586 | D:4      | Reached * piety under Cheibriados
  1586 | D:4      | Reached skill level 5 in Conjurations
  2007 | D:3      | Found a sacrificial altar of Ru.
  2009 | D:3      | Found a blossoming altar of Fedhas.
  2010 | D:3      | Found a hazy altar of Hepliaklqana.
  2526 | D:5      | Entered Level 5 of the Dungeon
  2526 | D:5      | Noticed an ice beast
  2532 | D:5      | Killed an ice beast
  2532 | D:5      | Reached XP level 7. HP: 55/55 MP: 2/10
  2608 | D:5      | Learned a level 5 spell: Fireball
  2646 | D:5      | Reached ** piety under Cheibriados
  2646 | D:5      | Reached skill level 6 in Conjurations
  2646 | D:5      | Reached skill level 5 in Fire Magic
  2658 | D:5      | Found a glowing golden altar of the Shining One.
  2682 | D:5      | Noticed a hippogriff
  2692 | D:5      | Killed a hippogriff
  2692 | D:5      | Reached skill level 1 in Shields
  2835 | D:5      | Reached XP level 8. HP: 52/62 MP: 11/11
  2958 | D:5      | Got a jewelled short sword
  2959 | D:5      | Identified the +6 short sword "Kech" {venom, Dex+3} (You found it on level 5 of the Dungeon)
  2974 | D:5      | Found a shattered altar of Ashenzari.
  3178 | D:5      | Reached skill level 7 in Conjurations
  3236 | D:5      | Found an ancient bone altar of Kikubaaqudgha.
  3757 | D:6      | Found a sparkling altar of Nemelex Xobeh.
  3907 | D:6      | Reached *** piety under Cheibriados
  4145 | D:6      | Learned a level 1 spell: Apportation
  4411 | D:7      | Found a shimmering altar of Xom.
  4446 | D:7      | Reached skill level 1 in Translocations
  4446 | D:7      | Reached XP level 9. HP: 63/68 MP: 3/12
  4470 | D:7      | Reached skill level 8 in Conjurations
  4478 | D:7      | Learned a level 2 spell: Blink
  5032 | D:8      | Noticed a troll
  5036 | D:8      | Noticed Gastronok
  5062 | D:9      | You fall through a shaft for 2 floors!
  5067 | D:11     | Noticed a green ugly thing
  5077 | D:11     | Killed a green ugly thing
  5080 | D:11     | Reached **** piety under Cheibriados
  5188 | D:11     | Noticed an unseen horror
  5195 | D:11     | HP: 1/68 [soldier ant (12)]
  5198 | D:11     | Killed an unseen horror
  5198 | D:11     | Reached skill level 9 in Conjurations
  5198 | D:11     | Reached XP level 10. HP: 22/75 MP: 7/16
  5204 | D:11     | Noticed a gargoyle
  5210 | D:11     | Killed from afar by a gargoyle

Vault maps used:
D:1:      minmay_arrival_stone_box
D:2:      lemuel_crystal_altar, amethyst_overflow_temple_binary, uniq_jessica
D:3:      elyvilon_altar_4, minitemple, roderic_lattice_a
D:4:      vehumet_statue, minmay_temple_entry_fiery, first_ration
D:5:      tso_metal_star, ashenzari_altar_1, kiku_gazebo_garden_becter,
          glass_columns_a
D:6:      nemelex_spade_bored_becter
D:7:      kennysheep_mini_moat, hangedman_abyss_or_decor_stagger
D:8:      erik_lair_island, tgw_trog, uniq_gastronok, uniq_maurice, uniq_erica
D:9:      minmay_cornered_nines, okawaru_trees_1
D:11:     hangedman_pestilent_swarm, palyth_stone_intersect,
          hangedman_decor_clover_reticule, nicolae_dithmenos_shadow_blocks

Skill      XL: |  1  2  3  4  5  6  7  8  9 |
---------------+----------------------------+-----
Conjurations   | 2 3 4 5 6 7 9 |  9.0
Stealth        | 4 5 |  5.0
Fire Magic     | 4 5 6 8 |  8.0
Shields        | 1 3 |  3.0
Translocations | 1 4 |  4.3
Spellcasting   | 4 |  4.6
Dodging        | |  1.5

Action                   |  1- 3 |  4- 6 |  7- 9 | 10-12 || total
-------------------------+-------+-------+-------+-------++-------
Melee: Unarmed           |     1 |       |     4 |       ||     5
       Dagger            |     2 |    12 |     6 |       ||    20
       Club              |     1 |       |       |       ||     1
       Spear             |     7 |     1 |       |       ||     8
       Mace              |       |     1 |       |       ||     1
       Hand axe          |       |     6 |       |       ||     6
       Short sword       |       |       |    80 |       ||    80
 Cast: Flame Tongue      |    27 |    60 |    43 |       ||   130
       Sticky Flame      |       |     1 |    16 |     1 ||    18
       Fireball          |       |       |     2 |       ||     2
 Abil: Spit Poison       |    30 |    31 |    29 |     1 ||    91
  Use: Potion            |     3 |     2 |     2 |       ||     7
       Scroll            |       |     3 |     9 |       ||    12
 Stab: Sleeping          |     1 |       |     6 |       ||     7
       Confused          |       |       |     1 |       ||     1
  Eat: Chunk             |     1 |     7 |    12 |       ||    20
       Ration            |       |       |       |     1 ||     1
Armor: Robe              |     7 |     9 |    27 |       ||    43
Dodge: Dodged            |    16 |    33 |    74 |     1 ||   124
Block: Buckler           |       |       |    33 |       ||    33

Table legend:
 A = Spawn XP
 B = Non-spawn XP
 C = Spawn XP percentage of total XP
 D = Spawn monster count
 E = Non-spawn monster count
 F = Spawn count percentage of total count
 G = Total turns spent on level
                    A         B        C        D         E        F      G
               +---------+---------+-------+---------+---------+-------+---------
         Total |       0 |    5094 |   0.0 |       0 |     132 |   0.0 |  5210
               +---------+---------+-------+---------+---------+-------+---------
           D:1 |       0 |      43 |   0.0 |       0 |      26 |   0.0 |   615
           D:2 |       0 |     113 |   0.0 |       0 |      21 |   0.0 |   460
           D:3 |       0 |      71 |   0.0 |       0 |      17 |   0.0 |   709
           D:4 |       0 |     381 |   0.0 |       0 |      11 |   0.0 |   742
           D:5 |       0 |     850 |   0.0 |       0 |      16 |   0.0 |  1160
           D:6 |       0 |     736 |   0.0 |       0 |      12 |   0.0 |   665
           D:7 |       0 |    1300 |   0.0 |       0 |      20 |   0.0 |   681
           D:9 |       0 |      44 |   0.0 |       0 |       3 |   0.0 |    24
          D:11 |       0 |    1556 |   0.0 |       0 |       6 |   0.0 |   148
               +---------+---------+-------+---------+---------+-------+---------
